 Dungeon Crawl Stone Soup version 0.18-b1-22-ge198996 (webtiles) character file.

3483 Wooh the Grappler (level 10, 0/86 HPs)
             Began as a Ghoul Fighter on May 3, 2016.
             Was a Believer of Qazlal.
             Slain by Erica
             ... wielding a +3 scimitar of flaming
              (7 damage)
             ... on level 8 of the Dungeon.
             The game lasted 00:26:16 (6830 turns).

Wooh the Grappler (Ghoul Fighter)                   Turns: 6830, Time: 00:26:16

Health: 0/86       AC:  5    Str: 24    XL:     10   Next: 7%
Magic:  9/9        EV:  9    Int:  6    God:    Qazlal [**....]
Gold:   380        SH: 15    Dex: 11    Spells: 0 memorised, 9 levels left

rFire  + . .     SeeInvis .       - Unarmed
rCold  + + .     Gourm    .     n - +0 ring mail
rNeg   + + +     Faith    .     b - +1 shield
rPois  ∞         Spirit   .     H - -1 hat of Xidghyot {-Cast rCorr Str+3 Int+3}
rElec  .         Dismiss  .     B - +0 cloak
rCorr  +         Reflect  .     (no gloves)
SustAt .         Harm     .     (no boots)
MR     .....     NoCast   +     (no amulet)
Stlth  ..........               j - ring of protection from cold
                                x - ring of protection from fire

@: rotting, not resistant to hostile enchantments, extremely unstealthy
A: rotting body, claws 1, carnivore 3, cold resistance 1, negative energy
resistance 3, slow regeneration 1, torment resistance, unbreathing
a: Upheaval, Renounce Religion


You were on level 8 of the Dungeon.
You worshipped Qazlal.
Qazlal was pleased with you.
You were not hungry.

You visited 2 branches of the dungeon, and saw 9 of its levels.

You collected 380 gold pieces.

Inventory:

Hand Weapons
 K - a +2 hunting sling of velocity
Missiles
 q - 7 tomahawks (quivered)
 L - 41 sling bullets
Armour
 b - a +1 shield (worn)
 n - a +0 ring mail (worn)
 B - a +0 cloak (worn)
 G - a +0 large shield
 H - the -1 hat of Xidghyot (worn) {-Cast rCorr Str+3 Int+3}
   (You found it on level 6 of the Dungeon)

   It affects your strength (+3).
   It affects your intelligence (+3).
   It prevents spellcasting.
   It protects you from acid and corrosion.
Jewellery
 f - an uncursed ring of wizardry
 h - an uncursed amulet of dismissal
 i - an uncursed ring of wizardry
 j - a ring of protection from cold (right claw)
 x - a ring of protection from fire (left claw)
Wands
 u - a wand of iceblast (7/15)
 E - a wand of confusion (29/48)
 F - a wand of digging (7/24)
 J - a wand of disintegration (8/24)
 O - a wand of digging (7/24)
Scrolls
 a - 2 scrolls of fog
 l - 2 scrolls of remove curse
 p - 3 scrolls of recharging
 t - 2 scrolls of magic mapping
 w - a scroll of enchant armour
 A - a scroll of holy word {unknown}
 C - a scroll of blinking
 D - 2 scrolls of vulnerability
 I - a scroll of enchant weapon {unknown}
Potions
 c - 2 potions of might
 e - a potion of flight
 k - 4 potions of haste
 m - a potion of invisibility {unknown}
 r - 2 potions of resistance
 s - a potion of degeneration {unknown}
 v - 2 potions of heal wounds
 z - a potion of curing {unknown}
 M - a potion of cure mutation {unknown}
Books
 y - a book of Party Tricks

   Spells                             Type                      Level
   a - Summon Butterflies             Summoning                    1
   b - Apportation                    Translocation                1
   c - Tukima's Dance                 Hexes                        3
   d - Alistair's Intoxication        Transmutation/Poison         5
   e - Invisibility                   Hexes                        6
Comestibles
 d - 5 meat rations
 g - 3 beef jerkies
 o - 2 royal jellies


   Skills:
 - Level 7.0 Fighting
 - Level 2.6 Armour
 + Level 8.6 Shields
 - Level 10.3 Unarmed Combat


You had 9 spell levels left.
You didn't know any spells.

Dungeon Overview and Level Annotations

Branches:
Dungeon (8/15)             Temple (1/1) D:5
   Lair: D:8-11

Altars:
Ashenzari
Cheibriados
Dithmenos
Elyvilon
Gozag
Kikubaaqudgha
Makhleb
Nemelex Xobeh
Okawaru
Pakellas
Qazlal
Ru
Sif Muna
Trog
Vehumet
Xom
The Shining One

Annotations:
D:3 Zleub's ghost, amateur DrSk
D:8 Erica
Temple quazal


Innate Abilities, Weirdness & Mutations

Your body is rotting away.
You thrive on raw meat.
You are immune to poison.
You have sharp fingernails.
You are carnivorous and can eat meat at any time.
Your flesh is cold resistant.
You are immune to negative energy.
You regenerate slowly when monsters are visible.
You are immune to unholy pain and torment.
You can survive without breathing.


Message History

This raw flesh tastes great!
The orc wizard hits you but does no damage.
You block the orc's attack.
You continue eating.
Something hits you.
* * * LOW HITPOINT WARNING * * *
The orc wizard hits you with a dagger.
* * * LOW HITPOINT WARNING * * *
You block the orc's attack.
You continue eating.
Something hits you.
* * * LOW HITPOINT WARNING * * *
Something burns you.
* * * LOW HITPOINT WARNING * * *
The orc wizard mumbles some strange words.
The orc wizard seems to speed up.
You block the orc's attack.
Eat which item? (? for menu, Esc to quit)
You can't eat that!
You claw something! You block the orc wizard's attack. Something hits you!
You die...

#######
.o...####
#ooo...%#
#@# #{#
#.# #.#
#.. ###


You could see an orc wizard and 3 orcs.

Vanquished Creatures
  An ugly thing (D:7)
  Joseph (D:7)
  A water moccasin (D:7)
  3 orc warriors (D:7)
  2 sky beasts (D:6)
  2 phantoms
  4 ogres
  A big kobold (D:7)
  3 giant frogs
  A gnoll sergeant (D:6)
  2 scorpions (D:6)
  2 wyvern skeletons
  A water moccasin skeleton (D:7)
  A killer bee (D:7)
  3 wights (D:7)
  3 crimson imps
  2 hounds
  A jelly (D:5)
  An orc priest (D:3)
  4 orc wizards
  6 worker ants
  Jessica (D:3)
  2 iguanas
  2 hound zombies
  4 gnolls (D:6)
  10 adders
  2 shadow imps (D:7)
  An ooze (D:7)
  2 adder zombies
  A worm (D:4)
  5 giant geckos
  18 orcs
  8 bats
  6 giant cockroaches
  3 goblins
  5 hobgoblins
  12 jackals
  5 kobolds
  5 quokkas
  3 ball pythons
  A giant gecko zombie (D:5)
  4 giant newts
  2 quokka zombies
  10 rats
157 creatures vanquished.

Notes
Turn   | Place    | Note
--------------------------------------------------------------
     0 | D:1      | Wooh the Ghoul Fighter began the quest for the Orb.
     0 | D:1      | Reached XP level 1. HP: 19/19 MP: 0/0
    20 | D:1      | Found a shimmering altar of Xom.
    32 | D:1      | Reached XP level 2. HP: 21/27 MP: 1/1
   639 | D:1      | Reached XP level 3. HP: 32/32 MP: 2/2
  1041 | D:2      | Reached skill level 5 in Fighting
  1254 | D:2      | Found a faded altar to an unknown god.
  1316 | D:3      | Found a shattered altar of Ashenzari.
  1415 | D:3      | Reached XP level 4. HP: 34/41 MP: 3/3
  1537 | D:3      | Noticed Zleub's ghost (amateur DrSk)
  1706 | D:3      | Noticed Jessica
  1726 | D:3      | Killed Jessica
  1780 | D:3      | Noticed an ogre
  1789 | D:3      | Killed an ogre
  1789 | D:3      | Reached XP level 5. HP: 37/51 MP: 4/4
  2099 | D:3      | Reached XP level 6. HP: 57/60 MP: 5/5
  2235 | D:4      | Reached skill level 3 in Unarmed Combat
  2451 | D:4      | Reached skill level 4 in Unarmed Combat
  3061 | D:5      | Entered Level 5 of the Dungeon
  3151 | D:5      | Reached skill level 5 in Unarmed Combat
  3151 | D:5      | Reached XP level 7. HP: 58/66 MP: 6/6
  3201 | D:5      | Found a staircase to the Ecumenical Temple.
  3220 | Temple   | Entered the Ecumenical Temple
  3383 | Temple   | Became a worshipper of Qazlal Stormbringer
  3695 | D:5      | Reached skill level 6 in Unarmed Combat
  4205 | D:6      | Reached skill level 7 in Unarmed Combat
  4252 | D:6      | Reached XP level 8. HP: 56/71 MP: 7/7
  4274 | D:6      | Reached skill level 8 in Unarmed Combat
  4522 | D:6      | Found a deep blue altar of Sif Muna.
  4616 | D:6      | Reached * piety under Qazlal
  4616 | D:6      | Reached skill level 9 in Unarmed Combat
  4903 | D:6      | Found a shadowy altar of Dithmenos.
  4907 | D:6      | Reached skill level 10 in Unarmed Combat
  4913 | D:6      | Got a warped hat
  4932 | D:6      | Identified the -1 hat of Xidghyot {-Cast rCorr Str+3 Int+3} (You found it on level 6 of the Dungeon)
  5259 | D:7      | Noticed a purple ugly thing
  5377 | D:7      | Reached XP level 9. HP: 78/78 MP: 8/8
  5607 | D:7      | Noticed Joseph
  5618 | D:7      | Killed Joseph
  5618 | D:7      | Reached skill level 5 in Shields
  6460 | D:7      | Reached ** piety under Qazlal
  6688 | D:7      | Killed a purple ugly thing
  6688 | D:7      | Reached XP level 10. HP: 36/84 MP: 9/9
  6808 | D:8      | Noticed Erica
  6830 | D:8      | Slain by Erica

Skill      XL: |  1  2  3  4  5  6  7  8  9 |
---------------+----------------------------+-----
Fighting       | 4 5 6 7 |  7.0
Unarmed Combat | 5 7 10 | 10.3
Shields        | 3 8 |  8.6
Armour         | |  2.6

Action                   |  1- 3 |  4- 6 |  7- 9 | 10-12 || total
-------------------------+-------+-------+-------+-------++-------
Melee: Unarmed           |   164 |   198 |   380 |    21 ||   763
  Use: Scroll            |       |    10 |     4 |       ||    14
  Eat: Chunk             |     8 |     8 |     9 |     4 ||    29
Armor: Scale mail        |    55 |       |       |       ||    55
       Ring mail         |    17 |    47 |    52 |     6 ||   122
Dodge: Dodged            |    61 |    73 |    77 |     5 ||   216
Block: Shield            |    79 |    87 |   152 |    21 ||   339
